AoeStats
← chewie1706

Lombardia

507380295Analyzed
2v2 RM · 14d ago on Sep 18, 2026· 14m 59s· 4 players
Game mode
Random Map
Map size
Medium (4 player)
Population
200
Speed
Normal
Resources
Standard
Victory
Conquest
Starting age
Dark Age
Ending age
Imperial Age
RankedLock teamsTeams togetherTeam positionsShared explorationLock speedFull tech treeHidden civsTurbo modeCheats
Victory
Defeat
🇺🇸 Mongols · United States
1468
+17
🇨🇴 Magyars · Colombia
1402
+20
🇫🇷 Mongols · France
1495
-19
🇫🇷 Franks · France
1467
-18
FC_diana2501
6:01 Loom
8:56 Feudal Age
9:36 Double-Bit Axe
11:55 Horse Collar
bcda
5:56 Loom
8:27 Feudal Age
9:28 Double-Bit Axe
13:37 Forging
Eras Mousse
9:10 Loom
11:11 Feudal Age
15:38 Castle Age
13:31 Gold Mining
13:30 Double-Bit Axe
chewie1706
9:07 Loom
12:44 Feudal Age
16:44 Castle Age
Connection lost

Rejoining the realm…

Still unreachable

The connection could not be restored.

Session expired

The server has moved on; the page needs a fresh start.